 Dungeon Crawl Stone Soup version 0.24-a0-355-gbe4061de67 (webtiles) character file.

Game seed: 15383487521956063818

1531 OCTOBOI the Poker (level 8, -13/57 HPs)
             Began as an Octopode Fighter on May 24, 2019.
             Was an Initiate of Gozag.
             Mangled by a cyan ugly thing (17 damage)
             ... on level 6 of the Dungeon.
             The game lasted 00:33:28 (8444 turns).

OCTOBOI the Poker (Octopode Fighter)                Turns: 8444, Time: 00:33:28

Health: -13/57     AC:  1    Str: 16    XL:     8   Next: 85%
Magic:  8/8        EV: 12    Int: 12    God:    Gozag
Gold:   629        SH: 11    Dex: 11    Spells: 7/7 levels left

rFire    . . .     SeeInvis .   a - +0 trident
rCold    . . .     Gourm    .   r - +1 shield
rNeg     . . .     Faith    .   (helmet restricted)
rPois    .         Spirit   .   (no amulet)
rElec    .         Reflect  .   k - ring of wizardry
rCorr    .         Harm     .   (no ring)
MR       .....                  (no ring)
Stlth    ++........             (no ring)
HPRegen  0.19/turn              (no ring)
MPRegen  0.11/turn              (no ring)
                                (no ring)
                                (no ring)

@: no status effects
A: almost no armour, stealthy swim, amphibious, 8 rings, constrict 8, camouflage
1, gelatinous body 1
a: Potion Petition, Call Merchant, Bribe Branch, Renounce Religion


You were on level 6 of the Dungeon.
You worshipped Gozag.
Gozag was pleased with you.
You were not hungry.

You visited 2 branches of the dungeon, and saw 8 of its levels.
You also visited: Ossuary.

You collected 741 gold pieces.
You paid 112 gold pieces to Gozag.

Inventory:

Hand Weapons
 a - a +0 trident (weapon)
 b - a +1 hunting sling
Missiles
 i - 128 stones (quivered)
 j - 74 sling bullets
 p - 7 boomerangs
 t - 2 atropa-tipped darts
 v - 21 poisoned darts
Armour
 r - a +1 shield (worn)
Jewellery
 k - a ring of wizardry (left tentacle)
Wands
 A - a wand of flame (16)
 D - a wand of random effects (10)
 E - a wand of paralysis (6)
Scrolls
 e - 2 scrolls of amnesia
 g - a scroll of enchant armour
 l - 5 scrolls of remove curse
 m - 3 scrolls of identify
 o - 4 scrolls of enchant weapon
 s - a scroll of immolation
 x - 2 scrolls of blinking
 y - 2 scrolls of teleportation
 F - a scroll of fear
Potions
 c - 2 potions of might
 f - a potion of haste
 h - a potion of magic
 n - a potion of invisibility
 q - a potion of ambrosia
 u - 4 potions of curing
 w - 3 potions of mutation
 z - a potion of flight
 B - a potion of resistance
 C - a potion of brilliance
Comestibles
 d - 12 rations


   Skills:
 + Level 6.1 Fighting
 * Level 7.9 Polearms
 - Level 3.0 Dodging
 + Level 6.1 Shields


You had 7 spell levels left.
You didn't know any spells.
Your spell library contained the following spells:

 Spells                   Type           Power        Failure   Level  Hunger
 Beastly Appendage        Tmut           #.....       38%         1    ##.....
 Flame Tongue             Conj/Fire      #....        38%         1    ##.....
 Sticks to Snakes         Tmut           #.......     50%         2    ###....
 Throw Flame              Conj/Fire      #.....       50%         2    ###....
 Conjure Flame            Conj/Fire      #.......     73%         3    ####...
 Inner Flame              Hex/Fire       #.......     73%         3    ####...
 Spider Form              Tmut/Pois      #.........   73%         3    ####...
 Ice Form                 Ice/Tmut       #.......     98%         4    #####..
 Sticky Flame             Conj/Fire      #.......     98%         4    #####..
 Blade Hands              Tmut           #.........   100%        5    ######.
 Fireball                 Conj/Fire      #.........   100%        5    ######.


Dungeon Overview and Level Annotations

Branches:
Dungeon (7/15)             Temple (1/1) D:5

Altars:
Ashenzari
Cheibriados
Dithmenos
Elyvilon
Fedhas
Gozag
Hepliaklqana
Kikubaaqudgha
Makhleb
Nemelex Xobeh
Okawaru
Qazlal
Ru
Trog
Wu Jian
Xom
The Shining One

Annotations:
D:4 Eustachio
D:7 Pikel


Innate Abilities, Weirdness & Mutations

You cannot wear most types of armour.
You are very stealthy in the water. (Stealth+)
You are amphibious.
You can wear up to eight rings at the same time.
You can use your tentacles to constrict eight enemies at once.
Your skin changes colour to match your surroundings (Stealth+).
Your rubbery body absorbs attacks. (AC +1, EV +1)


Message History

You hit the cyan ugly thing but do no damage.
You squeeze the cyan ugly thing.
The cyan ugly thing is almost dead.
You constrict the cyan ugly thing. You block the cyan ugly thing's attack.
You barely miss the cyan ugly thing.
The cyan ugly thing is almost dead.
You constrict the cyan ugly thing. The cyan ugly thing claws you!
The cyan ugly thing shocks you!
* * * LOW HITPOINT WARNING * * *
You hit the cyan ugly thing.
The cyan ugly thing is almost dead.
You constrict the cyan ugly thing. You block the cyan ugly thing's attack.
You barely miss the cyan ugly thing.
You squeeze the cyan ugly thing, but do no damage.
The cyan ugly thing is almost dead.
You constrict the cyan ugly thing. The cyan ugly thing claws you!
* * * LOW HITPOINT WARNING * * *
The cyan ugly thing shocks you!
You die...
Your body crumbles into a pile of gold.

#.########.#.#............
#.# ##.........####.####.#
##.###...###..### #.# #..
#......#...#..# #.# #.#
#..###...#.#..######.## #.#
#..# ##..>............# #.#
#..# #.##.#..######..# #.#
#..# #.##.#..######..###.#
#..####.#.@u...............
#.>......<....#########....
#.####..#.....# #.#.# #.#
#..##.#..# #.#.# #.#
#..##.#..# #.#.# #.#
#..##.#..#########.#.#
#.####...#.#............#..
#..........#.)..........#..
#######..###..###...##.##..


You could see a cyan ugly thing.

Vanquished Creatures
  A water moccasin (D:7)
  A slave (D:6)
  2 ice beasts
  A sky beast (D:6)
  2 bullfrogs (D:6)
  7 scorpions (Ossuary)
  A centaur zombie (Ossuary)
  3 human zombies (Ossuary)
  A jelly (D:3)
  2 hounds
  3 orc priests (D:3)
  A crimson imp (D:6)
  3 orc wizards
  A worker ant (D:6)
  3 mummies (Ossuary)
  A howler monkey skeleton (D:6)
  9 adders
  3 scorpion zombies (Ossuary)
  2 oozes
  2 adder skeletons (D:4)
  An adder zombie (D:5)
  5 worms
  2 leopard geckos
  19 orcs
  4 bats
  A giant cockroach (D:2)
  2 goblins (D:2)
  5 hobgoblins
  11 jackals
  5 kobolds
  5 quokkas
  A ball python (D:3)
  A frilled lizard (D:2)
  2 gnoll zombies (Ossuary)
  3 goblin zombies (Ossuary)
  2 hobgoblin zombies (Ossuary)
  A kobold zombie (Ossuary)
  4 orc zombies (Ossuary)
  6 rats
  A rat zombie (D:5)
130 creatures vanquished.

Vanquished Creatures (others)
  A scorpion (Ossuary)
1 creature vanquished.

Grand Total: 131 creatures vanquished

Notes
Turn   | Place    | Note
-------+----------+-------------------------------------------
     0 | D:1      | OCTOBOI the Octopode Fighter began the quest for the Orb.
     0 | D:1      | Reached XP level 1. HP: 16/16 MP: 1/1
    81 | D:1      | Found a shattered altar of Ashenzari.
   191 | D:1      | Reached XP level 2. HP: 21/21 MP: 2/2
   971 | D:2      | Found an iron altar of Okawaru.
  1102 | D:1      | Reached XP level 3. HP: 23/26 MP: 3/3
  1399 | D:2      | Reached skill level 3 in Polearms
  2288 | D:3      | Reached XP level 4. HP: 29/31 MP: 4/4
  2422 | D:3      | Reached XP level 5. HP: 34/37 MP: 5/5
  2462 | D:3      | Reached skill level 4 in Polearms
  2858 | D:3      | Reached XP level 6. HP: 13/43 MP: 6/6
  3312 | D:4      | Noticed Eustachio
  3567 | D:4      | Found a glowing golden altar of the Shining One.
  3726 | D:4      | Found an ancient bone altar of Kikubaaqudgha.
  3940 | D:4      | Reached skill level 5 in Polearms
  4330 | D:5      | Entered Level 5 of the Dungeon
  4426 | D:5      | Noticed an ice beast
  4464 | D:5      | Found a staircase to the Ecumenical Temple.
  4482 | Temple   | Entered the Ecumenical Temple
  4580 | Temple   | Became a worshipper of Gozag Ym Sagoz the Greedy
  4891 | D:5      | Killed an ice beast
  4891 | D:5      | Reached XP level 7. HP: 24/49 MP: 7/7
  4928 | D:5      | Found a sand-covered staircase.
  5010 | Ossuary  | Entered an ossuary
  5482 | Ossuary  | Reached skill level 6 in Polearms
  5586 | Ossuary  | Reached skill level 5 in Fighting
  5586 | Ossuary  | Reached skill level 5 in Shields
  5908 | Ossuary  | Reached XP level 8. HP: 21/55 MP: 8/8
  7141 | D:6      | Found a shimmering altar of Xom.
  7143 | D:6      | Found a hazy altar of Hepliaklqana.
  7143 | D:6      | Noticed a tentacled monstrosity
  7144 | D:6      | Noticed a spectral ugly thing
  7144 | D:6      | Noticed a tentacled monstrosity
  7180 | D:6      | Reached skill level 7 in Polearms
  7575 | D:6      | Noticed a cyan ugly thing
  7913 | D:6      | Found a stormy altar of Qazlal.
  8380 | D:7      | Noticed Pikel
  8444 | D:6      | Mangled by a cyan ugly thing

Levels and vault maps discovered:
D:1:      wander_arrival_desolate, layout_basic, nicolae_ashenzari_panopticon
D:2:      layout_loops_corners, lemuel_doored_altar
D:3:      cheibrodos_pilgrimage, layout_basic, first_ration
D:4:      layout_loops_cross, kennysheep_mini_moat,
          nicolae_overflow_crystal_walls, kennysheep_generic_room_7,
          uniq_eustachio
D:5:      layout_basic, minmay_temple_entry_offerings, enter_ossuary_3
D:6:      layout_loops_ring, regret_index_temple_of_mockery,
          nicolae_qazlal_eye_of_the_storm, kb_rosetta
D:7:      layout_basic, uniq_pikel
Temple:   minmay_temple_curvy_loop

Skill      XL: |  1  2  3  4  5  6  7  8 |
---------------+-------------------------+-----
Polearms       | 3 4 5 6 7 |  7.9
Fighting       | 4 5 6 |  6.1
Shields        | 4 5 6 |  6.1
Dodging        | |  3.0

Action                   |  1- 3 |  4- 6 |  7- 9 || total
-------------------------+-------+-------+-------++-------
Melee: Trident           |    61 |   114 |   210 ||   385
       Constrict         |    10 |    27 |    38 ||    75
       Tentacles         |     3 |    23 |    41 ||    67
 Fire: Hunting sling     |       |    13 |    31 ||    44
Throw: Stone             |       |       |    19 ||    19
Evoke: Wand              |       |       |     1 ||     1
  Use: Scroll            |       |    11 |     8 ||    19
 Stab: Sleeping          |     6 |     5 |     5 ||    16
       Paralysed         |       |       |     7 ||     7
  Eat: Chunk             |     3 |     7 |       ||    10
       Ration            |       |     1 |     3 ||     4
Armor: Skin              |     4 |     2 |     2 ||     8
Dodge: Dodged            |    11 |    22 |    46 ||    79
Block: Shield            |    14 |    29 |    51 ||    94

Table legend:
 A = Non-vault XP
 B = Vault XP
 C = Vault XP percentage of total XP
 D = Non-vault monster count
 E = Vault monster count
 F = Vault count percentage of total count
                 A         B        C        D         E       F
            +---------+---------+-------+---------+---------+-------
      Total |    1366 |     822 |  37.6 |      90 |      39 |  30.2
            +---------+---------+-------+---------+---------+-------
        D:1 |      26 |       0 |   0.0 |       9 |       0 |   0.0
        D:2 |      42 |       3 |   6.7 |      17 |       1 |   5.6
        D:3 |     204 |      87 |  29.9 |      20 |       5 |  20.0
        D:4 |     185 |       3 |   1.6 |      20 |       1 |   4.8
        D:5 |     140 |       1 |   0.7 |       6 |       1 |  14.3
        D:6 |     587 |      15 |   2.5 |      14 |       2 |  12.5
        D:7 |     182 |       0 |   0.0 |       4 |       0 |   0.0
    Ossuary |       0 |     713 | 100.0 |       0 |      29 | 100.0
            +---------+---------+-------+---------+---------+-------
